 Dungeon Crawl Stone Soup version 0.31-a0-1165-g196b491b36 (webtiles) character file.

Game seed: 16629475645863750874

5882 bmb222 the Slicer (level 10, -17/77 HPs)
             Began as a Demonspawn Brigand on Dec 9, 2023.
             Was a Follower of Uskayaw.
             Hit by a large rock thrown by a cyclops (41 damage)
             ... on level 9 of the Dungeon.
             The game lasted 00:15:06 (9049 turns).

bmb222 the Slicer (Demonspawn Brigand)              Turns: 9049, Time: 00:15:06

Health: -17/77     AC:  7    Str: 11    XL:     10   Next: 52%
Magic:  13/13      EV: 16    Int: 12    God:    Uskayaw [*.....]
Gold:   396        SH:  0    Dex: 19    Spells: 9/9 levels left

rFire   . . .        E - +1 dagger (venom)
rCold   . . .        (no shield)
rNeg    + . .        b - +0 robe
rPois   .            n - +0 hat
rElec   .            c - +0 cloak
rCorr   .            (no gloves)
SInv    .            (no boots)
Will    .....        (no amulet)
Stlth   +++          i - ring of positive energy
HPRegen 0.32/turn    w - +4 ring of protection
MPRegen 0.13/turn

%: no passive effects
@: on berserk cooldown
A: powered by death 2, spiny 3
a: Renounce Religion, Stomp


You were on level 9 of the Dungeon.
You worshipped Uskayaw.
Uskayaw was noncommittal.
You visited 2 branches of the dungeon, and saw 10 of its levels.

You collected 396 gold pieces.

Inventory:

Hand Weapons
 a - a +2 dagger
 E - a +1 dagger of venom (weapon)
Missiles
 d - 17 poisoned darts (quivered)
Armour
 b - a +0 robe (worn)
 c - a +0 cloak (worn)
 j - +0 steam dragon scales
 n - a +0 hat (worn)
Jewellery
 i - a ring of positive energy (left hand)
 q - a ring of ice
 w - a +4 ring of protection (right hand)
 A - a ring of see invisible
Talismans
 r - a serpent talisman
 t - a talisman of death
 v - a blade talisman
Wands
 H - a wand of digging (8)
Scrolls
 f - a scroll of identify
 h - a scroll of immolation
 p - 3 scrolls of vulnerability
 s - a scroll of brand weapon {unknown}
 B - a scroll of torment {unknown}
 C - 2 scrolls of enchant armour {unknown}
 D - a scroll of acquirement {unknown}
Potions
 g - 2 potions of enlightenment
 k - 2 potions of lignification
 l - a potion of attraction
 o - 2 potions of curing
 z - a potion of mutation


   Skills:
 + Level 6.6 Fighting
 * Level 9.4 Short Blades
 * Level 4.4 Throwing
 + Level 6.5 Dodging
 - Level 6.2 Stealth
 - Level 5.0 Invocations


You had 9 spell levels left.
You didn't know any spells.
Your spell library contained the following spells:

 Spells                   Type           Power      Damage    Failure   Level
 Kiss of Death            Conj/Necr      0%         2d5       32%         1
 Necrotise                Necr           0%         1d4       32%         1
 Summon Small Mammal      Summ           0%         N/A       32%         1
 Lesser Beckoning         Tloc           0%         N/A       45%         2
 Sublimation of Blood     Necr           0%         N/A       45%         2
 Call Canine Familiar     Summ           0%         N/A       69%         3
 Confusing Touch          Hex            0%         N/A       69%         3
 Gell's Gravitas          Tloc           0%         N/A       69%         3
 Hailstorm                Conj/Ice       0%         3d5       69%         3
 Summon Guardian Golem    Hex/Summ       0%         N/A       69%         3
 Teleport Other           Tloc           0%         N/A       69%         3
 Vampiric Draining        Necr           0%         2d6       69%         3
 Dispel Undead            Necr           0%         3d6       97%         4
 Petrify                  Tmut/Erth      0%         N/A       97%         4
 Summon Ice Beast         Ice/Summ       0%         N/A       97%         4
 Agony                    Necr           0%         N/A       100%        5
 Irradiate                Conj/Tmut      0%         3d11      100%        5
 Simulacrum               Ice/Necr       0%         N/A       100%        6


Dungeon Overview and Level Annotations

Branches:
Dungeon (9/15)             Temple (1/1) D:4
   Lair: D:8-11         Orc: D:9-12

Altars:
Ashenzari
Cheibriados
Dithmenos
Fedhas
Gozag
Hepliaklqana
Kikubaaqudgha
Makhleb
Nemelex Xobeh
Okawaru
Qazlal
Ru
Sif Muna
Trog
Uskayaw
Vehumet
Wu Jian
Xom
Yredelemnul

Shops:
D:8 [   D:9 :(


Innate Abilities, Weirdness & Mutations

You regenerate health from kills.
You are completely covered in sharp spines.


Message History

The black bear is lightly wounded.
The black bear closely misses you.
The black bear claws you but does no damage.
The black bear claws you.
* * * LOW HITPOINT WARNING * * *
The black bear is struck by your spines.
The black bear closely misses you.
The black bear claws you but does no damage.
The black bear claws you.
* * * LOW HITPOINT WARNING * * *
You barely miss the black bear.
The black bear is moderately wounded.
You hit the black bear but do no damage.
The black bear is poisoned.
The black bear is moderately wounded.
The black bear is struck by your spines.
The black bear bites you but does no damage.
The black bear barely misses you. The black bear misses you.
You closely miss the black bear.
The black bear is heavily wounded.
You hit the black bear but do no damage.
The black bear looks even sicker.
The black bear is severely wounded.
The black bear barely misses you. The black bear completely misses you.
The black bear claws you but does no damage.
You hit the black bear.
The black bear looks as sick as possible!
The black bear is severely wounded.
You can now pass through a line of other dancers.
You hit the black bear.
The black bear is almost dead.
The black bear misses you.
The black bear claws you but does no damage.
The black bear misses you.
The black bear goes berserk!
You kill the black bear!
You can no longer pass through a line of other dancers.
The cyclops throws a large rock.
The large rock hits you!!!
Ouch! That really hurt!
You die...

# #.#.####...... .#
#.#.# #######
..#####.#.# #≈ ###
..........# #≈##..
###.#####.#######≈≈#.#
#...#.....<.....~≈≈..#
#...#.###.#####..≈≈.##
####...#.###.#
#..~~..#
#.......@.##.#
#..~~...
#.........##.##
#.~~~..~
#.........##..#
#...~...
####...#.####.#
#..~~... #...#.# #.#
#..~.~.~ #...#.# #.#
#.~~~.~. ##.##.####)#
#~.~≈~~.
#.##C†..))####..~≈...
#.##.....)....~.≈....


You could see a cyclops.

Vanquished Creatures
  Harold (D:9)
  Joseph (D:7)
  A komodo dragon (D:9)
  A hornet (D:9)
  6 yaks (D:9)
  A wraith (D:9)
  Sigmund (D:2)
  4 steam dragons
  An acid dragon (D:9)
  5 water moccasins
  3 ice beasts
  3 black bears
  An ogre (D:4)
  A centaur (D:6)
  A phantom (D:7)
  A kobold brigand (D:9)
  4 bullfrogs
  3 wights (D:8)
  A killer bee (D:9)
  3 howler monkeys
  4 orc priests
  2 sleepcaps
  A gnoll bouda (D:9)
  4 iguanas
  7 orc wizards
  A statue (D:8)
  11 gnolls
  6 adders
  A white imp (D:6)
  2 ufetubi (D:6)
  3 worms
  A dart slug (D:5)
  22 orcs
  9 ball pythons
  6 endoplasms
  2 giant cockroaches (D:2)
  6 goblins
  6 hobgoblins
  3 jackals (D:3)
  3 quokkas
  2 bats (D:3)
  2 frilled lizards
  5 kobolds
  5 rats
157 creatures vanquished.

Notes
Turn   | Place    | Note
-------+----------+-------------------------------------------
     0 | D:1      | bmb222 the Demonspawn Brigand began the quest for the Orb.
     0 | D:1      | Reached XP level 1. HP: 16/16 MP: 1/1
    44 | D:1      | Reached skill level 1 in Dodging
   359 | D:1      | Gained mutation: You are partially covered in sharp spines.
                  | [demonic ancestry]
   359 | D:1      | Reached XP level 2. HP: 22/22 MP: 2/2
   846 | D:2      | Reached skill level 2 in Short Blades
   866 | D:2      | Reached XP level 3. HP: 19/27 MP: 3/3
  1068 | D:2      | Noticed Sigmund
  1079 | D:2      | Killed Sigmund
  1080 | D:2      | Reached skill level 5 in Stealth
  1080 | D:2      | Gained mutation: You regenerate a little health from kills.
                  | [demonic ancestry]
  1080 | D:2      | Reached XP level 4. HP: 16/34 MP: 4/4
  1080 | D:2      | Reached XP level 5. HP: 19/40 MP: 5/5
  2115 | D:3      | Reached skill level 3 in Short Blades
  2465 | D:3      | Gained mutation: You regenerate health from kills. [demonic
                  | ancestry]
  2465 | D:3      | Reached XP level 6. HP: 44/47 MP: 6/6
  2878 | D:4      | Found a staircase to the Ecumenical Temple.
  2897 | Temple   | Entered the Ecumenical Temple
  2934 | Temple   | Became a worshipper of Uskayaw the Reveller
  3056 | D:4      | Reached * piety under Uskayaw
  3066 | D:4      | Reached ** piety under Uskayaw
  3158 | D:4      | Noticed a water moccasin
  3161 | D:4      | Killed a water moccasin
  3196 | D:4      | Reached *** piety under Uskayaw
  3198 | D:4      | Reached XP level 7. HP: 27/52 MP: 7/7
  3723 | D:5      | Entered Level 5 of the Dungeon
  4615 | D:5      | Reached skill level 1 in Invocations
  4772 | D:5      | You fall into a shaft and drop 2 floors!
  4790 | D:7      | Reached skill level 4 in Short Blades
  4831 | D:7      | Noticed a steam dragon
  4866 | D:7      | Killed a steam dragon
  4897 | D:7      | Noticed Joseph
  4926 | D:7      | Killed Joseph
  4927 | D:7      | Reached skill level 5 in Short Blades
  4927 | D:7      | Gained mutation: You are mostly covered in sharp spines.
                  | [demonic ancestry]
  4927 | D:7      | Reached XP level 8. HP: 60/61 MP: 8/10
  5666 | D:6      | Reached skill level 5 in Fighting
  5864 | D:6      | Reached skill level 6 in Short Blades
  6072 | D:6      | Gained mutation: You are completely covered in sharp
                  | spines. [demonic ancestry]
  6072 | D:6      | Reached XP level 9. HP: 60/68 MP: 12/12
  6249 | D:6      | Identified the +1 ring mail of Waptuis {Rampage Int+3}
  6673 | D:7      | Reached skill level 5 in Invocations
  7082 | D:7      | Reached skill level 7 in Short Blades
  7210 | D:8      | Found Siezxi's Antique Armour Shoppe.
  7461 | D:8      | Reached skill level 5 in Dodging
  7461 | D:8      | Reached **** piety under Uskayaw
  7799 | D:8      | Found a radiant altar of Vehumet.
  8170 | D:9      | Reached ***** piety under Uskayaw
  8188 | D:9      | Found an opulent altar of Gozag.
  8216 | D:9      | Reached skill level 8 in Short Blades
  8348 | D:9      | Noticed a cyclops
  8366 | D:9      | Found Vuquos's Book Shoppe.
  8461 | D:9      | Found Yqu Heng's Antique Weapon Shop.
  8514 | D:9      | Reached XP level 10. HP: 42/76 MP: 13/13
  8737 | D:9      | Noticed Harold
  8881 | D:9      | Reached skill level 9 in Short Blades
  8975 | D:9      | HP: 1/77 [Harold/+0 long sword (18)]
  8978 | D:9      | Killed Harold
  9049 | D:9      | Hit by a large rock thrown by a cyclops

Illustrated notes

Levels and vault maps discovered:
D:1:      co_arrival_square_in_a_square_in_a_square, layout_loops_ring,
          minmay_misc_feat_hallway, dreamdust_mushroom_princess
D:2:      layout_basic, basic_altar, nicolae_titane, uniq_sigmund
D:3:      layout_basic
D:4:      layout_basic, elyvilon_altar_1, minmay_temple_entry_overgrown
D:5:      layout_loops_corners, mainiacjoe_overflow_boulevard, st_stairs_14,
          minmay_misc_feat_ornament
D:6:      layout_loops_ring, nicolae_tricolors
D:7:      layout_gridville, uniq_joseph
D:8:      layout_loops_ring, vehumet_statue, serial_shops,
          nicolae_shop_overgrown_old_shop, chequers_avenue, nicolae_letterblocks
          [nicolae_letter_subblock, nicolae_letter_subblock,
          nicolae_letter_subblock, nicolae_letter_subblock,
          nicolae_letter_subblock, nicolae_letter_subblock,
          nicolae_letter_subblock, nicolae_letter_subblock,
          nicolae_letter_subblock, nicolae_letter_subblock,
          nicolae_letter_subblock, nicolae_letter_subblock,
          nicolae_letter_subblock, nicolae_letter_subblock,
          nicolae_letter_subblock, nicolae_letter_subblock,
          nicolae_letter_subblock, nicolae_letter_subblock,
          nicolae_letter_subblock, nicolae_letter_subblock,
          nicolae_letter_subblock, nicolae_letter_subblock,
          nicolae_letter_subblock, nicolae_letter_subblock,
          nicolae_letter_subblock]
D:9:      layout_loops_ring, nicolae_gozag_seed_capital,
          grunt_lair_entry_orc_guard_hut, serial_shops, shop,
          nicolae_shop_tiny_waterfront, chequers_serial_rivers_small_3,
          uniq_harold
Temple:   mainiacjoe_temple_coin_purse

Skill      XL: |  1  2  3  4  5  6  7  8  9 10 |
---------------+-------------------------------+-----
Dodging        | 1 2 3 4 5 6 |  6.5
Stealth        | 4 5 6 |  6.2
Short Blades   | 2 3 5 6 8 9 |  9.4
Throwing       | 2 3 4 |  4.4
Fighting       | 3 4 5 6 |  6.6
Invocations    | 3 4 5 |  5.0

Action                     |  1- 3 |  4- 6 |  7- 9 | 10-12 || total
---------------------------+-------+-------+-------+-------++-------
  Melee: Dagger            |    56 |   102 |   325 |    60 ||   543
         Punch             |       |       |     9 |       ||     9
  Throw: Dart              |     2 |     3 |     3 |     2 ||    10
 Invoke: Line Pass         |       |     1 |       |       ||     1
         Stomp             |       |       |     2 |       ||     2
  Evoke: Wand              |       |       |       |     1 ||     1
    Use: Scroll            |       |       |    16 |     4 ||    20
         Potion            |       |       |     5 |     6 ||    11
   Stab: Sleeping          |     5 |     8 |    14 |       ||    27
         Paralysed         |       |     1 |     8 |     1 ||    10
         Distracted        |       |     1 |     1 |       ||     2
 Armour: Robe              |    19 |    41 |   142 |    38 ||   240
  Dodge: Dodged            |    19 |    62 |   151 |    30 ||   262

Table legend: (Time is in decaauts)
 A = Elapsed time spent in this place.
 B = Non-inter-level travel time spent in this place.
 C = Inter-level travel time spent in this place.
 D = Time resting spent in this place.
 E = Time spent auto-exploring this place.
 F = Levels seen in this place.
 G = Mean time per level.
                   A        B        C        D        E       F      G
               +--------+--------+--------+--------+--------+-----+--------+
         Total |   8890 |   8458 |    432 |   1463 |   5399 |  10 |  889.0 |
       Dungeon |   8837 |   8405 |    432 |   1463 |   5399 |   9 |  981.9 |
        Temple |     53 |     53 |      0 |      0 |      0 |   1 |   53.0 |
               +--------+--------+--------+--------+--------+-----+--------+

Top non-repeatable levels by time:
     D:7: 1301 daAuts
     D:1: 1210 daAuts
     D:5: 1187 daAuts
     D:6: 922 daAuts
     D:8: 911 daAuts
     D:4: 868 daAuts
     D:9: 865 daAuts
     D:2: 860 daAuts
     D:3: 710 daAuts
  Temple: 53 daAuts
